 Dungeon Crawl Stone Soup version 0.25.1-2-g60ff931df9 (webtiles) character file.

Game seed: 610461305465215674

28 DildoBatman the Magician (level 3, 0/24 HPs)
             Began as a Formicid Wizard on Oct 15, 2020.
             Succumbed to an adder's poison
             ... on level 2 of the Dungeon.
             The game lasted 00:03:17 (1195 turns).

DildoBatman the Magician (Formicid Wizard)          Turns: 1195, Time: 00:03:18

Health: 0/24       AC:  2    Str: 11    XL:     3   Next: 27%
Magic:  0/7        EV: 12    Int: 18    God:
Gold:   70         SH:  0    Dex:  9    Spells: 7/8 levels left

rFire    . . .     SeeInvis +   g - +0 hunting sling
rCold    . . .     Gourm    .   (no shield)
rNeg     . . .     Faith    .   a - +0 robe
rPois    .         Spirit   .   (helmet unavailable)
rElec    .         Reflect  .   (no cloak)
rCorr    .         Harm     .   (no gloves)
MR       .....                  (no boots)
Stlth    ++........             (no amulet)
HPRegen  0.08/turn              (no ring)
MPRegen  0.10/turn              (no ring)

@: brilliant, lethally poisoned (0 -> -11)
A: permanent stasis, dig shafts and tunnels, four strong arms, antennae 3
a: Dig, Shaft Self


You were on level 2 of the Dungeon.
You were not hungry.

You visited 1 branch of the dungeon, and saw 2 of its levels.

You collected 70 gold pieces.

Inventory:

Hand Weapons
 g - a +0 hunting sling (weapon)
 i - a +0 short sword
 p - a +0 dagger of venom
Missiles
 c - 8 poisoned darts
 j - 22 stones (quivered)
 k - 4 boomerangs
 l - 24 arrows
 r - 4 javelins
Armour
 a - a +0 robe (worn)
 d - a +0 buckler
Scrolls
 b - a scroll of enchant weapon {unknown}
 e - 2 scrolls of remove curse {unknown}
 f - 2 scrolls of fear {unknown}
 h - a scroll of identify {unknown}
 n - a scroll of noise {unknown}
Potions
 o - a potion of resistance {unknown}
Comestibles
 q - a chunk of flesh
 v - 3 rations


   Skills:
 - Level 1.7 Dodging
 - Level 2.4 Stealth
 - Level 3.2 Spellcasting
 * Level 2.7 Conjurations
   Level 1.0 Summonings
   Level 0.8 Translocations


You had 7 spell levels left.
You knew the following spells:

 Your Spells              Type           Power        Failure   Level  Hunger
c - Magic Dart            Conj           ###.         5%          1    None

Your spell library contained the following spells:

 Spells                   Type           Power        Failure   Level  Hunger
 Call Imp                 Summ           #.......     16%         2    None
 Slow                     Hex            #.......     24%         2    None
 Conjure Flame            Conj/Fire      ##......     26%         3    None
 Mephitic Cloud           Conj/Pois/Air  #.......     32%         3    None
 Blink                    Tloc           Unusable     N/A         2    N/A

Dungeon Overview and Level Annotations

Branches:
Dungeon (2/15)

Altars:

Annotations:
D:2 exclusion: 2 gnolls


Innate Abilities, Weirdness & Mutations

You cannot be hasted, slowed, berserked, paralysed or teleported.
You can dig through walls and to a lower floor.
Your four strong arms can wield two-handed weapons with a shield.
You have a pair of large antennae on your head. (SInv)


Message History

Aim: an adder (almost dead)
The magic dart hits the adder but does no damage.
The adder is almost dead.
The adder bites you.
You are lethally poisoned!
The adder poisons you! The adder bites you.
Casting: Magic Dart (safe; 5% risk of failure)
Confirm with . or Enter, or press ? or * to list all spells.
You don't have enough magic to cast that spell.
Firing (i - inventory. (/) - cycle)
j - 23 stones (quivered)
Press: ? - help, Shift-Dir - straight line, f/p - adder
Aim: an adder (almost dead)
You shoot a stone. The stone misses the adder.
You feel sick. The adder bites you.
It was a potion of brilliance.
You feel clever all of a sudden.
You die...

#######.....#
#.# #.#
#.....# #[#
#.# #.....#
#.# #.#
#.....# #.#
#.# #...S.#
#.# #.#
#.....# #.#
#.# #....{#
#.# #.#
##.#'#######.#
#.#
#.#(รท..(S@..#
#.#
#.###########
#.# #.# #.#
#.# #.# #.#
#.# #. #.# #.#
#.# #.#


You could see an adder.

Vanquished Creatures
  4 bats
  2 giant cockroaches
  A goblin (D:2)
  3 hobgoblins (D:1)
  3 jackals (D:1)
  A ball python (D:1)
  A frilled lizard (D:2)
  6 kobolds
  5 rats
26 creatures vanquished.

Notes
Turn   | Place    | Note
-------+----------+-------------------------------------------
     0 | D:1      | DildoBatman the Formicid Wizard began the quest for the
                  | Orb.
     0 | D:1      | Reached XP level 1. HP: 13/13 MP: 4/4
   138 | D:1      | Reached skill level 1 in Conjurations
   272 | D:1      | Reached XP level 2. HP: 19/19 MP: 0/6
   889 | D:1      | Reached XP level 3. HP: 23/24 MP: 2/7
  1194 | D:2      | HP: 1/24 [adder (4)]
  1195 | D:2      | Succumbed to an adder's poison

Illustrated notes

Levels and vault maps discovered:
D:1:      psy_arrival_conway, layout_basic, corexii_corridor_pit,
          minmay_bisected
D:2:      layout_basic, lemuel_round_altar

Skill      XL: |  1  2 |
---------------+-------+-----
Conjurations   | 1 2 |  2.7
Dodging        | |  1.7
Stealth        | |  2.4
Spellcasting   | |  3.2
Summonings     | |  1.0
Translocations | |  0.8

Action                   || total
-------------------------++-------
 Fire: Hunting sling     ||    28
Throw: Dart              ||    11
 Cast: Magic Dart        ||    33
 Abil: Dig               ||     1
  Use: Potion            ||     1
  Eat: Chunk             ||     1
Armor: Robe              ||    11
Dodge: Dodged            ||    34
